 Dungeon Crawl Stone Soup version 0.29-a0-294-g83ea962da3 (webtiles) character file.

Game seed: 1214024569267290400

51 Leszczynek the Chopper (level 4, 27/34 HPs)
             Began as a Human Gladiator on Mar 18, 2022.
             Was a Follower of Dithmenos.
             Quit the game on level 4 of the Dungeon.
             The game lasted 00:08:41 (992 turns).

Leszczynek the Chopper (Human Gladiator)             Turns: 992, Time: 00:08:41

Health: 27/34      AC:  6    Str: 17    XL:     4   Next: 7%
Magic:  4/4        EV: 12    Int:  8    God:    Dithmenos [*.....]
Gold:   41         SH:  0    Dex: 14    Spells: 3/3 levels left

rFire   . . .      SeeInvis .   a - +0 war axe
rCold   . . .      Faith    .   (no shield)
rNeg    . . .      Spirit   .   g - +0 ring mail
rPois   .          Reflect  .   c - +0 helmet
rElec   .          Harm     .   (no cloak)
rCorr   .          Rampage  .   (no gloves)
Will    +....                   (no boots)
Stlth   +.........              (no amulet)
HPRegen 0.11/turn               r - ring of willpower
MPRegen 0.09/turn               (no ring)

@: wreathed by umbra
A: no striking features
a: Renounce Religion


You were on level 4 of the Dungeon.
You worshipped Dithmenos.
Dithmenos was aware of your devotion.
You visited 1 branch of the dungeon, and saw 4 of its levels.

You collected 67 gold pieces.
You spent 26 gold pieces at shops.

Inventory:

Hand Weapons
 a - a +0 war axe (weapon)
 m - a +0 double sword
Missiles
 d - 2 throwing nets (quivered)
 e - a javelin
 f - 5 boomerangs
 p - 6 poisoned darts
Armour
 b - a +0 leather armour
 c - a +0 helmet (worn)
 g - a +0 ring mail (worn)
Jewellery
 r - a ring of willpower (left hand)
Scrolls
 h - a scroll of vulnerability {!r}
 i - 2 scrolls of teleportation
 k - a scroll of fog
 n - a scroll of noise {unknown}
Potions
 j - 2 potions of invisibility
 l - a potion of curing {@q1}
 o - a potion of mutation {unknown}
 q - a potion of cancellation {unknown}


   Skills:
 - Level 2.5 Fighting
 + Level 3.5 Axes
 - Level 2.5 Throwing
 - Level 3.4 Dodging


You had 3 spell levels left.
You didn't know any spells.
Your spell library was empty.

Dungeon Overview and Level Annotations

Branches:
Dungeon (4/15)
 Temple: D:4-7

Altars:
Dithmenos
Qazlal

Shops:
D:3 *


Message History

You swing at nothing.
You swing at nothing.
You swing at nothing.
You swing at nothing.
You swing at nothing.
You swing at nothing.
You swing at nothing.
You swing at nothing.
You swing at nothing.
You swing at nothing.
You swing at nothing.
You swing at nothing.
You swing at nothing.
You swing at nothing.
You swing at nothing.
You swing at nothing.
You swing at nothing.
You swing at nothing.
You swing at nothing.
You swing at nothing.
You swing at nothing.
You swing at nothing.
You swing at nothing.
You swing at nothing.
You swing at nothing.
You swing at nothing.
You swing at nothing.
a - a +0 war axe (weapon)
A sourceless malevolence fills the Dungeon...
You fall into a shaft and drop 1 floor!
The shaft crumbles and collapses.
Found an emerald potion.
q - an emerald potion
Found a stormy altar of Qazlal.
As you open the door, it creaks loudly!
There is an open door here.
Found a wooden ring.
r - a ring of willpower
r - a ring of willpower (left hand) Are you sure you want to abandon this character and quit the game? (Confirm with "yes".)

### #.# #####.. .....#
####....# ..#.##.###
#.#.....@# #......
.###.#.##.### #.....
..........#####.....
#.###.#.......##....
##.....#.......##...
...............##.#
#####.............#########
#.##.##...............#
#....#####..###.......#


There were no monsters in sight!

Vanquished Creatures
  An adder (D:3)
  2 dart slugs (D:2)
  An orc (D:4)
  A ball python (D:3)
  2 bats (D:3)
  6 endoplasms
  A giant cockroach (D:3)
  3 goblins
  5 hobgoblins
  3 frilled lizards (D:3)
  3 kobolds (D:3)
  8 rats
36 creatures vanquished.

Notes
Turn   | Place    | Note
-------+----------+-------------------------------------------
     0 | D:1      | Leszczynek the Human Gladiator began the quest for the Orb.
     0 | D:1      | Reached XP level 1. HP: 16/16 MP: 1/1
     0 | D:1      | an orc
     0 | D:1      | ORC
     0 | D:1      | does 30+ damage in 4 turns
     0 | D:1      | against 6 ac
     0 | D:1      | HOW
     0 | D:1      | like what the fuck am i supposed to do about this
     0 | D:1      | am i supposed to assume almost full hp level 4 is not
                  | enough against a single orc?
     0 | D:1      | am i supposed to get level 6 on bats and rats?
    47 | D:1      | Reached XP level 2. HP: 13/22 MP: 2/2
    85 | D:3      | Found Deepn's General Store.
   195 | D:2      | again
   195 | D:2      | endoplasm will kill me at level 2
   195 | D:2      | do i run from those until level 4?
   195 | D:2      | :)
   238 | D:3      | Found a faded altar of an unknown god.
   241 | D:3      | Prayed at the altar of an unknown god.
   241 | D:3      | Became a worshipper of Dithmenos the Shadowed
   241 | D:3      | Reached * piety under Dithmenos
   291 | D:3      | Reached XP level 3. HP: 12/28 MP: 3/3
   293 | D:3      | Noticed an ogre
   621 | D:3      | Bought a scroll of fog for 26 gold pieces
   692 | D:4      | Reached XP level 4. HP: 23/34 MP: 4/4
   937 | D:3      | You fall into a shaft and drop 1 floor!
   948 | D:4      | Found a stormy altar of Qazlal.
   992 | D:4      | Quit the game

Illustrated notes ## #8♣♣ +.@♣ #8♣♣ ## Turn 0 on D:1: an orc

### .#. ... .. ..
### #. ..# #! #.#
#
#..###.######.##.#
#......wJ@.......#
####..#######.####
#. #.######### #
#..#........#
#.#..#######.####
.. ##. #...>. ##
.# ###### .# #.


Turn 195 on D:2: again

Levels and vault maps discovered:
D:1:      saegor_arrival_simple_b, layout_loops_cross, serial_shops, shop,
          st_stairs_3, moated_statue, chequers_serial_rivers_small_3,
          chequers_serial_rivers_marsh, chequers_decorated_corner,
          minmay_misc_feat_plants
D:2:      layout_loops_ring
D:3:      minmay_skewed_foursquare, layout_basic, basic_ecumenical_altar,
          serial_shops, shop, minmay_misc_feat_iff, interstate_on_off,
          minmay_distorted
D:4:      layout_basic, nicolae_qazlal_eye_of_the_storm,
          lemuel_temple_firewalk_b, minivault_5, minmay_goblin_outpost,
          uniq_menkaure, uniq_pikel

Action                   |  1- 3 |  4- 6 || total
-------------------------+-------+-------++-------
Melee: War axe           |    87 |    14 ||   101
Throw: Throwing net      |     3 |       ||     3
       Javelin           |     1 |       ||     1
  Use: Potion            |     2 |       ||     2
       Scroll            |     2 |       ||     2
 Stab: Held in net/web   |     1 |       ||     1
       Invisible         |     1 |       ||     1
Armor: Leather armour    |    12 |       ||    12
       Ring mail         |     3 |     3 ||     6
Dodge: Dodged            |    71 |    12 ||    83

Table legend: (Time is in decaauts)
 A = Elapsed time spent in this place.
 B = Non-inter-level travel time spent in this place.
 C = Inter-level travel time spent in this place.
 D = Time resting spent in this place.
 E = Time spent auto-exploring this place.
 F = Levels seen in this place.
 G = Mean time per level.
                   A        B        C        D        E       F      G
               +--------+--------+--------+--------+--------+-----+--------+
         Total |   1090 |   1047 |     43 |      0 |      0 |   4 |  272.5 |
       Dungeon |   1090 |   1047 |     43 |      0 |      0 |   4 |  272.5 |
               +--------+--------+--------+--------+--------+-----+--------+

Top non-repeatable levels by time:
     D:3: 781 daAuts
     D:2: 155 daAuts
     D:4: 83 daAuts
     D:1: 69 daAuts
